 Dungeon Sprint DCSS version 0.22.1-1-ga44c0e56f4 (webtiles) character file.

2079 Freyura the Basher (level 9, -11/78 HPs)
             Began as a Formicid Fighter on Oct 15, 2018.
             Mangled by a merfolk
             ... wielding a +0 trident
              (12 damage)
             ... in the Dungeon (Sprint V: "Ziggurat Sprint").
             The game lasted 00:03:01 (122 turns).

Freyura the Basher (Formicid Fighter)                Turns: 122, Time: 00:03:02

Health: -11/78     AC: 22    Str: 21    XL:     9   Next: 51%
Magic:  9/9        EV:  5    Int:  8    God:
Gold:   0          SH: 21    Dex: 13    Spells: 8/8 levels left

rFire    + . .     SeeInvis +   F - +6 shillelagh "Devastator" {shatter}
rCold    + . .     Gourm    .   a - +3 large shield
rNeg     . . .     Faith    .   b - +5 gold dragon scales
rPois    +         Spirit   .   (helmet unavailable)
rElec    .         Reflect  .   (no cloak)
rCorr    .         Harm     .   (no gloves)
MR       .....                  (no boots)
Stlth    ..........             (no amulet)
HPRegen  0.23/turn              (no ring)
MPRegen  0.11/turn              (no ring)

@: no status effects
A: permanent stasis, dig shafts and tunnels, four strong arms, antennae 3
a: Dig


You were in the Dungeon.
You were not hungry.

You visited 1 branch

Inventory:

Hand Weapons
 c - the +7 great mace "Firestarter" {inner flame, rF++}
   (You found it in the Dungeon)

   It has been specially enchanted to burn those struck by it, causing extra
   injury to most foes and up to half again as much damage against particularly
   susceptible opponents.
   It greatly protects you from fire.
 F - the +6 shillelagh "Devastator" (weapon) {shatter}
   (You found it in the Dungeon)
Armour
 a - a +3 large shield (worn)
 b - +5 gold dragon scales (worn)
Jewellery
 z - a +6 ring of dexterity
 A - a +6 ring of dexterity
 B - a +6 ring of intelligence
 C - a +6 ring of intelligence
 D - a +6 ring of strength
 E - a +6 ring of strength
Wands
 w - a wand of disintegration (7)
 x - a wand of iceblast (7)
 y - a wand of acid (7)
Scrolls
 k - 4 scrolls of blinking
 q - 4 scrolls of amnesia
 r - 7 scrolls of fog
 s - a scroll of holy word
 t - 5 scrolls of identify
 u - 5 scrolls of remove curse
 v - 2 scrolls of fear
Potions
 d - 6 potions of might
 e - 10 potions of curing
 g - 9 potions of heal wounds
 h - 6 potions of haste
 i - 7 potions of magic
 j - 3 potions of berserk rage
 l - 2 potions of brilliance
 m - 2 potions of invisibility
 n - 4 potions of resistance
 p - 5 potions of agility
Comestibles
 f - 7 rations


   Skills:
 + Level 10.1 Fighting
 * Level 11.8 Maces & Flails
 + Level 10.0 Armour
 + Level 7.2 Dodging
 + Level 10.9 Shields


You had 8 spell levels left.
You didn't know any spells.
Your spell library was empty.

Dungeon Overview and Level Annotations

Branches:
Dungeon (1/1)

Altars:
Ashenzari
Cheibriados
Dithmenos
Elyvilon
Fedhas
Gozag
Hepliaklqana
Kikubaaqudgha
Makhleb
Nemelex Xobeh
Okawaru
Qazlal
Ru
Sif Muna
Trog
Uskayaw
Vehumet
Wu Jian
Xom
Yredelemnul
Zin
The Shining One
Beogh
Jiyva
Lugonu

Annotations:
D 1 transporter


Innate Abilities, Weirdness & Mutations

You cannot be hasted, slowed, berserked, paralysed or teleported.
You can dig through walls and to a lower floor.
Your four strong arms can wield two-handed weapons with a shield.
You have a pair of large antennae on your head. (SInv)


Message History

You enter the transporter and appear at another place. 4 merfolk come into view.
The merfolk shouts! x4
The merfolk throws a tomahawk.
You block the tomahawk.
The merfolk throws a throwing net.
You block the throwing net.
The merfolk throws a throwing net.
The throwing net hits you.
You become entangled in the net!
Found five items.
Found a transporter.
You struggle against the net.
The merfolk throws a tomahawk.
The tomahawk hits you.
* * * LOW HITPOINT WARNING * * *
You tear a large gash into the net.
You shred the net and break free!
The merfolk throws a tomahawk.
You block the tomahawk.
The merfolk hits you from afar with a trident!
* * * LOW HITPOINT WARNING * * *
The merfolk hits you from afar with a trident.
* * * LOW HITPOINT WARNING * * *
The merfolk hits you with a trident!
You die...

▓.....▓.....▓..©..▓
▓..©..▓..©..▓▓▓▓▓▓▓
▓▓▓▓▓▓▓▓▓▓▓▓▓▓
▓..8©8...▓
▓..}[[...▓ {{{
▓...}....▓ { {
▓..m.....▓
▓..mmm...▓
▓.▓.@..▓.▓
▓...©....▓ {
▓▓▓▓▓▓▓▓▓▓


{{{{ {{{ You could see 4 merfolk.

Vanquished Creatures
  4 toenail golems (D)
  2 merfolk (D)
  2 yaks (D)
  A river rat (D)
9 creatures vanquished.

Notes
Turn   | Place    | Note
-------+----------+-------------------------------------------
     0 | D        | Found the +6 Majin-Bo {vamp, Archmagi MP+6 Int+6}
     0 | D        | Found the +7 great mace "Firestarter" {inner flame, rF++}
     0 | D        | Freyura the Formicid Fighter began the quest for the Orb.
     0 | D        | Reached XP level 1. HP: 18/18 MP: 1/1
     0 | D        | Found a deep blue altar of Sif Muna.
     0 | D        | Found a sacrificial altar of Ru.
     0 | D        | Found a bloodstained altar of Trog.
     0 | D        | Found a stormy altar of Qazlal.
     0 | D        | Found an iron altar of Okawaru.
     0 | D        | Found a sparkling altar of Nemelex Xobeh.
     0 | D        | Found a blossoming altar of Fedhas.
     2 | D        | Found a transporter.
     2 | D        | Found an ancient bone altar of Kikubaaqudgha.
     2 | D        | Found a viscous altar of Jiyva.
     2 | D        | Found a corrupted altar of Lugonu.
     2 | D        | Found a hazy altar of Hepliaklqana.
     2 | D        | Found a burning altar of Makhleb.
     2 | D        | Found an opulent altar of Gozag.
    42 | D        | Found the +6 shillelagh "Devastator" {shatter}
    42 | D        | Found the +11 plutonium sword {*Contam Stlth-}
    42 | D        | Found the +8 lance "Wyrmbane" {slay drac, rPois rF+ rC+
                  | AC+3}
    42 | D        | Found the +9 sword of Zonguldrok {reap}
    42 | D        | Found the cursed +13 scythe of Curses {drain, *Curse}
    42 | D        | Found the +0 sword of Power
    42 | D        | Found the +7 mace of Variability {chain chaos}
    42 | D        | Found the +7 Singing Sword
    42 | D        | Found the +7 longbow "Piercer" {penet, EV-2}
    43 | D        | Reached skill level 5 in Fighting
    43 | D        | Reached skill level 4 in Maces & Flails
    43 | D        | Reached skill level 5 in Armour
    43 | D        | Reached skill level 5 in Shields
    43 | D        | Reached XP level 2. HP: 27/27 MP: 2/2
    45 | D        | Found the +9 heavy crossbow "Sniper" {velocity, Acc+∞ SInv}
    45 | D        | Found the +10 dark maul {crush}
    45 | D        | Found the +15 Maxwell's patent armour {-Cast -Tele rElec
                  | MR+ rCorr}
    45 | D        | Found the +18 shield of the Gong {rElec rN+ MR+ EV-5}
    45 | D        | Found the cursed +14 obsidian axe {chop, +Fly SInv *Curse}
    61 | D        | Entered arena 2.
    61 | D        | Noticed a merfolk
    61 | D        | Noticed a merfolk
    61 | D        | Found a transporter.
    62 | D        | Found the -2 hat of the Alchemist {rElec rPois rF+ rC+ rN+
                  | MR+ rMut rCorr}
    73 | D        | Killed a merfolk
    73 | D        | Reached skill level 7 in Maces & Flails
    73 | D        | Reached XP level 3. HP: 11/35 MP: 3/3
    73 | D        | Reached XP level 4. HP: 13/41 MP: 4/4
    73 | D        | Reached XP level 5. HP: 15/47 MP: 5/5
    73 | D        | Reached XP level 6. HP: 16/53 MP: 6/6
    82 | D        | Killed a merfolk
    82 | D        | Reached skill level 8 in Maces & Flails
    82 | D        | Reached XP level 7. HP: 21/61 MP: 7/7
    86 | D        | Entered arena 3.
    86 | D        | Noticed a yak
    86 | D        | Noticed a yak
    86 | D        | Found a transporter.
    90 | D        | Killed a yak
    90 | D        | Reached skill level 9 in Maces & Flails
    90 | D        | Reached skill level 5 in Dodging
    92 | D        | Killed a yak
    92 | D        | Reached XP level 8. HP: 14/69 MP: 8/8
   100 | D        | Entered arena 4.
   100 | D        | Noticed a toenail golem
   100 | D        | Noticed a toenail golem
   100 | D        | Noticed a toenail golem
   100 | D        | Noticed a toenail golem
   100 | D        | Found a transporter.
   107 | D        | Killed a toenail golem
   107 | D        | Reached skill level 10 in Maces & Flails
   109 | D        | Killed a toenail golem
   109 | D        | Reached skill level 11 in Maces & Flails
   109 | D        | Reached skill level 10 in Shields
   109 | D        | Reached XP level 9. HP: 19/77 MP: 9/9
   110 | D        | Killed a toenail golem
   112 | D        | Killed a toenail golem
   112 | D        | Reached skill level 10 in Fighting
   112 | D        | Reached skill level 10 in Armour
   118 | D        | Entered arena 5.
   118 | D        | Noticed a merfolk
   118 | D        | Noticed a merfolk
   118 | D        | Noticed a merfolk
   118 | D        | Noticed a merfolk
   118 | D        | Found a transporter.
   121 | D        | HP: 2/78 [merfolk/trident (15)]
   122 | D        | Mangled by a merfolk

Skill      XL: |  1  2  3  4  5  6  7  8  9 |
---------------+----------------------------+-----
Fighting       | 5 6 7 8 9 10 | 10.1
Maces & Flails | 4 7 8 9 11 | 11.8
Armour         | 5 6 7 8 9 10 | 10.0
Shields        | 5 7 8 9 10 | 10.9
Dodging        | 3 4 5 6 7 |  7.2

Action                   |  1- 3 |  4- 6 |  7- 9 || total
-------------------------+-------+-------+-------++-------
Melee: Shillelagh        |    10 |     8 |    15 ||    33
  Use: Potion            |     2 |       |       ||     2
Armor: Gold dragon scale |     4 |     2 |     9 ||    15
Dodge: Dodged            |     1 |       |     2 ||     3
Block: Large shield      |    14 |     6 |    15 ||    35
